 Seeded DCSS version 0.29.1-15-g9cfb28693d (webtiles) character file.

Game seed: 6320845443627075161 (custom seed)

1079 Psyclone the Magician (level 8, 0/34 (41) HPs)
             Began as a Deep Elf Fire Elementalist on Sept 23, 2023.
             Slain by a wight
             ... wielding a +4 dagger
              (5 damage)
             ... on level 6 of the Dungeon.
             The game lasted 00:14:22 (5843 turns).

Psyclone the Magician (Deep Elf Fire Elementalist)  Turns: 5843, Time: 00:14:23

HP:   0/34 (41)     AC:  9    Str:  5    XL:     8   Next: 8%
MP:   12/28         EV: 12    Int: 23    God:
Gold: 107           SH:  0    Dex: 15    Spells: 6/19 levels left

rFire   . . .      SeeInvis .   b - +3 short sword
rCold   . . .      Faith    .   (no shield)
rNeg    . . .      Spirit   .   i - +0 robe
rPois   +          Reflect  .   p - +1 hat {Stlth+}
rElec   .          Harm     .   G - +1 cloak {rPois}
rCorr   .          Rampage  .   A - +0 pair of gloves
Will    +....                   f - +2 pair of boots {Stlth+}
Stlth   ++++......              (no amulet)
HPRegen 0.11/turn               n - ring of magical power
MPRegen 0.21/turn               F - ring of willpower

@: freezing walls, heavily drained
A: no striking features
a: no special abilities


You were on level 6 of the Dungeon.
You visited 1 branch of the dungeon, and saw 6 of its levels.

You collected 307 gold pieces.
You spent 200 gold pieces at shops.

Inventory:

Hand Weapons
 b - a +3 short sword (weapon)
Armour
 f - a +2 pair of boots of stealth (worn)
 i - a +0 robe (worn)
 p - a +1 hat of stealth (worn)
 A - a +0 pair of gloves (worn)
 G - a +1 cloak of poison resistance (worn)
Magical Staves
 a - a staff of air
Jewellery
 n - a ring of magical power (left hand)
 F - a ring of willpower (right hand)
Wands
 q - a wand of flame (13)
 t - a wand of mindburst (10)
 D - a wand of digging (5)
Scrolls
 h - 4 scrolls of teleportation {unknown}
 k - 2 scrolls of magic mapping {unknown}
 m - 4 scrolls of identify {unknown}
 o - 2 scrolls of vulnerability {unknown}
 r - 2 scrolls of blinking {unknown}
 v - 2 scrolls of amnesia {unknown}
 x - a scroll of noise {unknown}
 y - a scroll of acquirement
 z - a scroll of enchant weapon {unknown}
 B - a scroll of poison {unknown}
 C - a scroll of brand weapon {unknown}
 E - a scroll of silence {unknown}
Potions
 c - a potion of magic
 d - 5 potions of curing
 e - 3 potions of flight {unknown}
 g - 2 potions of haste {unknown}
 j - 3 potions of brilliance {unknown}
 l - a potion of resistance {unknown}
 s - 2 potions of might {unknown}
 u - a potion of degeneration {unknown}
 w - 2 potions of lignification {unknown}


   Skills:
 - Level 2.4 Dodging
 - Level 2.4 Stealth
 - Level 6.0 Spellcasting
 - Level 1.1 Conjurations
 - Level 6.0 Fire Magic
 - Level 6.0 Ice Magic
 * Level 4.8 Poison Magic


You had 6 spell levels left.
You knew the following spells:

 Your Spells              Type           Power      Damage    Failure   Level
a - Foxfire               Conj/Fire      92%        2x1d8     1%          1
b - Frozen Ramparts       Ice            68%        1d11      2%          3
c - Conjure Flame         Conj/Fire      23%        6-21      6%          3
v - Poisonous Vapours     Pois/Air       34%        N/A       4%          2
x - Olgreb's Toxic Radia  Pois           29%        N/A       12%         4

Your spell library contained the following spells:

 Spells                   Type           Power      Damage    Failure   Level
 Freeze                   Ice            100%       1d11      1%          1
 Scorch                   Fire           68%        2d8       1%          2
 Sting                    Tmut/Pois      68%        1d6       3%          1
 Inner Flame              Hex/Fire       20%        N/A       8%          3
 Flame Wave               Conj/Fire      23%        2d8       21%         4
 Hailstorm                Conj/Ice       23%        3d7       21%         4


Dungeon Overview and Level Annotations

Branches:
Dungeon (6/15) Zot: 26912
 Temple: D:4-7

Altars:
Elyvilon
Hepliaklqana
Ru
Uskayaw
Wu Jian
Xom

Shops:
D:2 :

Annotations:
D:4 1 exclusion


Message History

The wight closely misses you. The wight hits you with a +4 dagger.
* * * LOW HITPOINT WARNING * * *
You feel drained.
* * * LOW HITPOINT WARNING * * *
You take 4 damage, and have 5/36 hp.
It was a potion of curing.
You feel better.
The foxfire hits the wight but does no damage.
The wight is severely damaged.
The foxfire hits the wight.
The wight is almost destroyed.
The wall freezes the wight but does no damage.
The wight barely misses you. The wight hits you but does no damage.
You regained 10 hp, and now have 15/36 hp.
You barely miss the wight.
The wight is almost destroyed.
The wight completely resists.
The wall freezes the wight but does no damage.
The wight hits you with a +0 falchion. The wight hits you with a +4 dagger.
* * * LOW HITPOINT WARNING * * *
You feel drained.
* * * LOW HITPOINT WARNING * * *
You take 10 damage, and have 5/35 hp.
MASSIVE DAMAGE!!
You feel better.
The wight resists.
The wall freezes the wight.
The wight hits you with a +0 falchion.
* * * LOW HITPOINT WARNING * * *
You feel drained. The wight barely misses you.
Casting: Foxfire (safe; 1% risk of failure)
Confirm with . or Enter, or press ? or * to list all spells.
Okay, then.
You hit the wight.
The wight is almost destroyed.
The wight resists.
The wall freezes the wight.
The wight barely misses you. The wight hits you with a +4 dagger.
* * * LOW HITPOINT WARNING * * *
You hit the wight but do no damage. Your punch misses the wight.
The wight is almost destroyed.
The wight resists.
The wall freezes the wight.
You destroy the wight!
The wight hits you with a +4 dagger.
You die...

.... ..###.....##
........#.......##
.....##..........###.
....................<
.......#...........#
...................##
..###'###...........#
..#.....#)z.........##
#.#..$..#@...........#
..#.$_..#............##
#.#$..$.#..)<.........#
..#.....#.............#
#.#######.))).........#
.....z...##.......###
.###########...##..#
######..# ##..#


You could see 2 wights.

Vanquished Creatures
  Edmund (D:5)
  An ice beast (D:5)
  A black bear (D:5)
  An ogre (D:5)
  A kobold brigand (D:6)
  A bullfrog (D:5)
  A necrophage (D:4)
  A scorpion (D:5)
  A wight (D:6)
  A howler monkey (D:4)
  2 hounds
  3 orc priests
  Crazy Yiuf (D:3)
  Ijyb (D:4)
  An iguana (D:5)
  2 orc wizards (D:3)
  5 adders
  A worm (D:4)
  5 dart slugs
  13 orcs
  7 ball pythons
  2 endoplasms (D:4)
  A giant cockroach (D:4)
  7 goblins
  3 hobgoblins
  3 quokkas
  5 bats
  A frilled lizard (D:3)
  8 kobolds
  2 rats
83 creatures vanquished.

Vanquished Creatures (collateral kills)
  A foxfire (D:3)
1 creature vanquished.

Vanquished Creatures (others)
  328 foxfires
  2 fungi (D:3)
330 creatures vanquished.

Grand Total: 414 creatures vanquished

Notes
Turn   | Place    | Note
-------+----------+-------------------------------------------
     0 | D:1      | Psyclone the Deep Elf Fire Elementalist began the quest for
                  | the Orb.
     0 | D:1      | Reached XP level 1. HP: 10/10 MP: 6/6
    93 | D:2      | Reached skill level 1 in Ice Magic
   121 | D:2      | Identified a scroll of acquirement
   121 | D:2      | Acquired a +2 pair of boots of stealth
   939 | D:2      | Found Weil's Book Boutique.
   954 | D:2      | Reached XP level 2. HP: 15/15 MP: 8/8
   982 | D:2      | Found a faded altar of an unknown god.
  1713 | D:3      | Reached XP level 3. HP: 19/19 MP: 9/9
  1717 | D:3      | Learned a level 3 spell: Frozen Ramparts
  1721 | D:3      | Learned a level 3 spell: Conjure Flame
  1756 | D:3      | Reached XP level 4. HP: 12/24 MP: 5/11
  2523 | D:3      | Found an ornate altar of the Wu Jian Council.
  2926 | D:4      | Reached XP level 5. HP: 28/28 MP: 13/13
  3268 | D:4      | Noticed Ijyb
  3277 | D:4      | Killed Ijyb
  3363 | D:4      | Reached XP level 6. HP: 27/32 MP: 14/15
  3381 | D:4      | Reached skill level 5 in Spellcasting
  3598 | D:4      | Found a white marble altar of Elyvilon.
  3669 | D:4      | Found a shimmering altar of Xom.
  3670 | D:4      | Found a hazy altar of Hepliaklqana.
  3671 | D:4      | Noticed a spectral ugly thing
  3936 | D:4      | Found a sacrificial altar of Ru.
  4200 | D:2      | Bought a Young Poisoner's Handbook for 200 gold pieces
  4203 | D:2      | Learned a level 2 spell: Poisonous Vapours
  4208 | D:2      | Learned a level 4 spell: Olgreb's Toxic Radiance
  4256 | D:5      | Entered Level 5 of the Dungeon
  4414 | D:5      | Reached skill level 5 in Fire Magic
  4414 | D:5      | Reached skill level 5 in Ice Magic
  4414 | D:5      | Reached skill level 1 in Poison Magic
  4522 | D:5      | Reached XP level 7. HP: 34/36 MP: 10/17
  4900 | D:5      | Noticed Edmund
  4916 | D:5      | Killed Edmund
  5491 | D:3      | Found a runed translucent door.
  5492 | D:3      | Noticed Crazy Yiuf
  5506 | D:3      | Killed Crazy Yiuf
  5507 | D:3      | Reached XP level 8. HP: 26/41 MP: 19/19
  5757 | D:6      | Found a hide-covered altar of Uskayaw.
  5843 | D:6      | Slain by a wight

Illustrated notes

Levels and vault maps discovered:
D:1:      dpeg_arrival_lava_temple_mockup, layout_basic
D:2:      layout_loops_ring, shapermc_ecumenical_altar_starsandcircs,
          serial_shops, nicolae_shop_window_shopping
D:3:      layout_loops_ring, pdpol_wu_jian_five_deadly_venoms, corexii_shack,
          uniq_crazy_yiuf_cottage
D:4:      layout_basic, regret_index_temple_of_mockery, hangedman_ru_absence,
          lemuel_tele_altar, uniq_ijyb
D:5:      layout_loops_cross, uniq_edmund
D:6:      layout_cave_pods, amcnicky_altar_gilded

Skill      XL: |  1  2  3  4  5  6  7  8 |
---------------+-------------------------+-----
Ice Magic      | 1 3 4 5 6 |  6.0
Spellcasting   | 4 5 6 |  6.0
Fire Magic     | 4 5 6 |  6.0
Poison Magic   | 1 4 |  4.8
Dodging        | |  2.4
Stealth        | |  2.4
Conjurations   | |  1.1

Action                   |  1- 3 |  4- 6 |  7- 9 || total
-------------------------+-------+-------+-------++-------
Melee: Short sword       |     9 |     6 |    17 ||    32
       Punch             |     1 |       |       ||     1
 Cast: Foxfire           |    46 |   120 |    41 ||   207
       Frozen Ramparts   |     2 |    19 |    11 ||    32
       Conjure Flame     |       |       |     2 ||     2
       Poisonous Vapours |       |       |     1 ||     1
       Olgreb's Toxic Ra |       |       |     1 ||     1
  Use: Scroll            |     1 |       |       ||     1
       Potion            |       |       |     2 ||     2
 Stab: Sleeping          |     2 |       |     1 ||     3
Armor: Robe              |     7 |     1 |     7 ||    15
Dodge: Dodged            |     7 |    15 |    22 ||    44
